% Time on Ice - UTAH ICE BEARS
Lines # - Real PCT - Wanted PCT - Time Play
Normal Forward
1 - 38% - 36% - 17:55
2 - 30% - 31% - 14:08
3 - 24% - 23% - 11:23
4 - 8% - 10% - 3:54
Normal Defense
1 - 34% - 36% - 16:18
2 - 35% - 31% - 16:23
3 - 25% - 23% - 11:51
4 - 6% - 10% - 2:48
PP Forward
1 - 58% - 55% - 2:42
2 - 42% - 45% - 1:56
PP Defense
1 - 59% - 55% - 2:45
2 - 41% - 45% - 1:53
PK Forward
1 - 66% - 55% - 4:03
2 - 34% - 45% - 2:05
PK Defense
1 - 23% - 55% - 1:26
2 - 77% - 45% - 4:42
PK3 Forward
1 - 55% - 55% - 1:03
2 - 45% - 45% - 0:51
PK3 Defense
1 - 52% - 55% - 0:59
2 - 48% - 45% - 0:55
44 Forward
1 - 0% - 55%
2 - 0% - 45%
44 Defense
1 - 0% - 55%
2 - 0% - 45%
Last Minute Offensive  - 0:00
Last Minute Defensive  - 0:00
Total
Forward - 60:00
Defense - 60:00
% Time on Ice - PORTLAND PIRATES
Lines # - Real PCT - Wanted PCT - Time Play
Normal Forward
1 - 34% - 33% - 15:53
2 - 33% - 32% - 15:35
3 - 25% - 28% - 11:45
4 - 9% - 7% - 4:07
Normal Defense
1 - 34% - 33% - 16:00
2 - 33% - 33% - 15:26
3 - 30% - 28% - 14:23
4 - 3% - 6% - 1:31
PP Forward
1 - 55% - 60% - 4:23
2 - 45% - 40% - 3:39
PP Defense
1 - 48% - 60% - 3:53
2 - 52% - 40% - 4:09
PK Forward
1 - 72% - 60% - 3:20
2 - 28% - 40% - 1:18
PK Defense
1 - 61% - 60% - 2:49
2 - 39% - 40% - 1:49
PK3 Forward
1 - 0% - 60%
2 - 0% - 40%
PK3 Defense
1 - 0% - 60%
2 - 0% - 40%
44 Forward
1 - 0% - 60%
2 - 0% - 40%
44 Defense
1 - 0% - 60%
2 - 0% - 40%
Last Minute Offensive  - 0:00
Last Minute Defensive  - 0:00
Total
Forward - 60:00
Defense - 60:00
Play-by-Play 1st period 0:01 of 1st period - Jonathan Toews wins face-off versus Artem Anisimov in neutral zone. 0:40 of 1st period - Shot by Travis Konecny. 0:40 of 1st period - Stopped by Thatcher Demko without a rebound. 0:41 of 1st period - Alex Galchenyuk wins face-off versus Brett Connolly in UTAH ICE BEARS zone. 0:56 of 1st period - Shot by Rickard Rakell. 0:56 of 1st period - Shot Misses the Net. 0:58 of 1st period - Shot by Trevor Daley. 0:58 of 1st period - Shot Misses the Net. 1:01 of 1st period - Rickard Rakell is hit by Radim Simek and loses puck. 1:08 of 1st period - Shot by Rickard Rakell. 1:08 of 1st period - Stopped by Thatcher Demko without a rebound. 1:09 of 1st period - Blake Lizotte wins face-off versus Yanni Gourde in UTAH ICE BEARS zone. 1:26 of 1st period - Shot by Gabriel Landeskog. 1:26 of 1st period - Goal by Gabriel Landeskog - UTAH ICE BEARS : 0 - PORTLAND PIRATES : 1. 1:27 of 1st period - Brett Connolly wins face-off versus Ross Colton in neutral zone. 1:29 of 1st period - Off-side. 1:30 of 1st period - Yanni Gourde wins face-off versus Andrew Mangiapane in neutral zone. 1:35 of 1st period - Shot by Gabriel Landeskog. 1:35 of 1st period - Stopped by Thatcher Demko without a rebound. 1:36 of 1st period - Robert Lantosi wins face-off versus Ryan Donato in UTAH ICE BEARS zone. 1:43 of 1st period - Shot by Troy Stecher. 1:43 of 1st period - Shot Misses the Net. 2:40 of 1st period - Icing by Brett Connolly. 2:41 of 1st period - Pavel Zacha wins face-off versus Nicholas Paul in PORTLAND PIRATES zone. 3:02 of 1st period - Shot by Brett Connolly. 3:02 of 1st period - Shot Misses the Net. 3:58 of 1st period - Shot by Travis Konecny. 3:58 of 1st period - Shot Blocked by Radim Simek. 4:50 of 1st period - Off-side. 4:51 of 1st period - Yanni Gourde wins face-off versus Blake Lizotte in neutral zone. 5:18 of 1st period - Off-side. 5:19 of 1st period - Brett Connolly wins face-off versus Ross Colton in neutral zone. 5:42 of 1st period - Shot by Brett Connolly. 5:42 of 1st period - Stopped by Thatcher Demko without a rebound. 5:43 of 1st period - Yanni Gourde wins face-off versus Artem Anisimov in UTAH ICE BEARS zone. 5:43 of 1st period - Yanni Gourde is hit by Conor Timmins. 5:55 of 1st period - Shot by Yanni Gourde. 5:55 of 1st period - Stopped by Thatcher Demko with a rebound. 6:06 of 1st period - Shot by Artem Anisimov. 6:06 of 1st period - Stopped by Jonathan Bernier without a rebound. 6:07 of 1st period - Blake Lizotte wins face-off versus Travis Konecny in PORTLAND PIRATES zone. 6:11 of 1st period - Icing by Travis Konecny. 6:12 of 1st period - Alex Galchenyuk wins face-off versus Jonathan Toews in PORTLAND PIRATES zone. 6:39 of 1st period - Shot by Thomas Chabot. 6:39 of 1st period - Shot Misses the Net. 6:41 of 1st period - Shot by Jonathan Toews. 6:41 of 1st period - Shot Misses the Net. 6:43 of 1st period - Shot by Travis Konecny. 6:43 of 1st period - Goal by Travis Konecny - UTAH ICE BEARS : 0 - PORTLAND PIRATES : 2. 6:44 of 1st period - Artem Anisimov wins face-off versus Yanni Gourde in neutral zone. 6:44 of 1st period - Artem Anisimov is hit by Adam Erne. 6:49 of 1st period - Artem Anisimov is hit by Trevor Daley and loses puck. 8:12 of 1st period - Icing by T.J. Brodie. 8:13 of 1st period - Jonathan Toews wins face-off versus Blake Lizotte in UTAH ICE BEARS zone. 8:26 of 1st period - Shot by Jonathan Toews. 8:26 of 1st period - Stopped by Thatcher Demko without a rebound. 8:27 of 1st period - Alex Galchenyuk wins face-off versus Pavel Zacha in UTAH ICE BEARS zone. 9:51 of 1st period - Shot by Jonathan Toews. 9:51 of 1st period - Stopped by Thatcher Demko without a rebound. 9:52 of 1st period - Artem Anisimov wins face-off versus Yanni Gourde in UTAH ICE BEARS zone. 10:25 of 1st period - Shot by Yanni Gourde. 10:25 of 1st period - Deflect By Gabriel Landeskog. 10:25 of 1st period - Stopped by Thatcher Demko without a rebound. 10:26 of 1st period - Pavel Zacha wins face-off versus Blake Lizotte in UTAH ICE BEARS zone. 11:21 of 1st period - Off-side. 11:22 of 1st period - Jonathan Toews wins face-off versus Artem Anisimov in neutral zone. 11:38 of 1st period - Jonathan Toews is hit by Kyle Okposo and loses puck. 11:49 of 1st period - Shot by Nicholas Paul. 11:49 of 1st period - Deflect By Artem Anisimov. 11:49 of 1st period - Stopped by Jonathan Bernier without a rebound. 11:50 of 1st period - Ross Colton wins face-off versus Yanni Gourde in PORTLAND PIRATES zone. 12:09 of 1st period - Andrew Mangiapane is hit by Gabriel Landeskog. 12:51 of 1st period - Shot by Robert Thomas. 12:51 of 1st period - Shot Misses the Net. 12:59 of 1st period - Shot by Travis Konecny. 12:59 of 1st period - Stopped by Thatcher Demko without a rebound. 13:00 of 1st period - Pavel Zacha wins face-off versus Blake Lizotte in UTAH ICE BEARS zone. 13:01 of 1st period - Shot by Brett Connolly. 13:01 of 1st period - Stopped by Thatcher Demko without a rebound. 13:02 of 1st period - Adam Mascherin wins face-off versus Pavel Zacha in UTAH ICE BEARS zone. 13:41 of 1st period - Shot by Brett Connolly. 13:41 of 1st period - Shot Misses the Net. 13:43 of 1st period - Shot by Pavel Zacha. 13:43 of 1st period - Stopped by Thatcher Demko without a rebound. 13:44 of 1st period - Jonathan Toews wins face-off versus Alex Galchenyuk in UTAH ICE BEARS zone. 14:05 of 1st period - Icing by Jonathan Toews. 14:06 of 1st period - Jonathan Toews wins face-off versus Nicholas Paul in PORTLAND PIRATES zone. 14:06 of 1st period - Jonathan Toews is hit by Kyle Okposo. 14:16 of 1st period - Icing by Nicholas Paul. 14:17 of 1st period - Yanni Gourde wins face-off versus Artem Anisimov in UTAH ICE BEARS zone. 14:17 of 1st period - Gabriel Landeskog is hit by Troy Stecher and loses puck. 14:24 of 1st period - Shot by Gabriel Landeskog. 14:24 of 1st period - Stopped by Thatcher Demko without a rebound. 14:25 of 1st period - Yanni Gourde wins face-off versus Alex Galchenyuk in UTAH ICE BEARS zone. 14:25 of 1st period - Gabriel Landeskog is hit by Alexander Edler and loses puck. 15:01 of 1st period - Minor Penalty to Alex Galchenyuk for Hooking. 15:02 of 1st period - Jonathan Toews wins face-off versus Zachary Sanford in UTAH ICE BEARS zone. 15:05 of 1st period - Shot by Robert Thomas. 15:05 of 1st period - Stopped by Thatcher Demko without a rebound. 15:06 of 1st period - Jonathan Toews wins face-off versus Zachary Sanford in UTAH ICE BEARS zone. 15:06 of 1st period - Double Minor Penalty to Troy Stecher for Roughing. 15:07 of 1st period - Blake Lizotte wins face-off versus Jonathan Toews in UTAH ICE BEARS zone. 15:30 of 1st period - Shot by Travis Konecny. 15:30 of 1st period - Shot Blocked by T.J. Brodie. 15:32 of 1st period - Shot by Robert Thomas. 15:32 of 1st period - Stopped by Thatcher Demko without a rebound. 15:33 of 1st period - Zachary Sanford wins face-off versus Pavel Zacha in UTAH ICE BEARS zone. 15:33 of 1st period - Zachary Sanford is hit by Rickard Rakell. 15:41 of 1st period - Rickard Rakell is hit by Zachary Sanford and loses puck. 15:50 of 1st period - Shot by Pavel Zacha. 15:50 of 1st period - Shot Blocked by Radim Simek. 15:52 of 1st period - Shot by Pavel Zacha. 15:52 of 1st period - Shot Blocked by Zachary Sanford. 15:54 of 1st period - Shot by Pavel Zacha. 15:54 of 1st period - Shot Misses the Net. 16:45 of 1st period - Travis Konecny is hit by Blake Lizotte and loses puck. 17:50 of 1st period - Travis Hamonic is hit by Blake Lizotte and loses puck. 18:35 of 1st period - Shot by Rickard Rakell. 18:35 of 1st period - Stopped by Thatcher Demko with a rebound. 19:00 of 1st period - Icing by Travis Hamonic. 19:01 of 1st period - Jonathan Toews wins face-off versus Zachary Sanford in PORTLAND PIRATES zone. 19:06 of 1st period - Travis Hamonic is hit by Nicholas Paul and loses puck. 19:28 of 1st period -